 Dungeon Crawl Stone Soup version 0.19.4-9-g45fd643 (console) character file.

43 Grinner the Ruffian (level 3, 0/31 HPs)
             Began as a Troll Enchanter on Feb 16, 2017.
             Slain by an orc
             ... wielding a +0 mace
              (8 damage)
             ... on level 3 of the Dungeon.
             The game lasted 00:03:11 (1528 turns).

Grinner the Ruffian (Troll Enchanter)               Turns: 1528, Time: 00:03:12

Health: 0/31       AC:  6    Str: 16    XL:     3   Next: 37%
Magic:  1/3        EV: 10    Int: 12    God:
Gold:   60         SH:  0    Dex: 10    Spells: 1 memorised, 3 levels left

rFire  . . .     SeeInvis .       - Unarmed
rCold  . . .     Gourm    +     b - +1 robe
rNeg   . . .     Faith    .     (no shield)
rPois  .         Spirit   .     (helmet restricted)
rElec  .         Reflect  .     (no cloak)
rCorr  .         Harm     .     (gloves unavailable)
MR     .....                    (boots unavailable)
Stlth  ++........               (no amulet)
                                (no ring)
                                r - ring of wizardry

@: lethally poisoned (0 -> -5)
A: unfitting armour, claws 3, fast metabolism 3, gourmand, regeneration 1,
shaggy fur 1, tough skin 2
a: no special abilities


You were on level 3 of the Dungeon.
You were very full.

You visited 1 branch of the dungeon, and saw 3 of its levels.

You collected 60 gold pieces.

Inventory:

Hand Weapons
 a - a +1 dagger
Missiles
 o - 5 large rocks (quivered)
Armour
 b - a +1 robe (worn)
Jewellery
 r - a ring of wizardry (left claw)
Scrolls
 e - a scroll of immolation {unknown}
 f - a scroll of enchant armour {unknown}
 h - 2 scrolls of identify {unknown}
 i - 2 scrolls of teleportation {unknown}
 j - a scroll of fog {unknown}
 m - a scroll of blinking {unknown}
 n - a scroll of fear {unknown}
 q - a scroll of magic mapping {unknown}
Potions
 g - a potion of mutation {unknown}
 k - a potion of curing {unknown}
 p - a potion of cancellation {unknown}
Books
 c - a book of Maledictions

   Spells                             Type                      Level
   a - Corona                         Hexes                        1
   b - Ensorcelled Hibernation        Hexes/Ice                    2
   c - Confuse                        Hexes                        3
   d - Tukima's Dance                 Hexes                        3
   e - Dazzling Spray                 Conjuration/Hexes            3
Comestibles
 d - a bread ration
 l - a slice of pizza


   Skills:
 - Level 0.7 Short Blades
 - Level 1.5 Dodging
 - Level 1.5 Stealth
 * Level 2.4 Unarmed Combat
 - Level 1.2 Spellcasting
 + Level 2.3 Hexes


You had 3 spell levels left.
You knew the following spells:

 Your Spells              Type           Power        Failure   Level  Hunger
z - Corona                Hex            #......      4%          1    ##.....


Dungeon Overview and Level Annotations

Branches:
Dungeon (3/15)

Altars:
Gozag


Innate Abilities, Weirdness & Mutations

You are too large for most types of armour.
You have claws for hands.
Your metabolism is lightning-fast.
You like to eat raw meat.
Your natural rate of healing is unusually fast.
You are covered in fur. (AC +1)
You have very tough skin. (AC +2)


Message History

You are more poisoned.
You scratch the orc but do no damage.
The orc is heavily wounded.
You feel sick. The orc barely misses you.
You scratch the orc.
The orc is severely wounded.
You feel sick. The orc barely misses you.
You scratch the orc but do no damage.
The orc is severely wounded.
You feel sick. The orc hits you but does no damage.
You are more poisoned.
You claw the orc!
You kill the orc!
You feel sick.
You claw the goblin!
You kill the goblin!
You feel sick.
You scratch the orc but do no damage.
You feel sick. The orc hits you with a mace!
You die...

#. ..... .(# #.#
.♣.. ...# #.# ...
....##.####...###
#....#.#.........
#..#...#.##.##.
#.....#....##.
######.#......#.##<
#.@o.....####...##.
#.###.#..####......
#( #.......#......
#. ###..##.#......
#. #....# #......
#. #.##.# #...#.#
#. #. #.. #...#.#
## # .>.. #####..
#.... ###


You could see an orc.

Vanquished Creatures
  An adder (D:2)
  A dart slug (D:1)
  A leopard gecko (D:1)
  2 orcs (D:3)
  A giant cockroach (D:1)
  3 goblins
  4 hobgoblins
  4 jackals (D:2)
  A kobold (D:1)
  A quokka (D:2)
  3 bats
  3 rats
25 creatures vanquished.

Notes
Turn   | Place    | Note
-------+----------+-------------------------------------------
     0 | D:1      | Grinner the Troll Enchanter began the quest for the Orb.
     0 | D:1      | Reached XP level 1. HP: 16/16 MP: 1/1
   130 | D:1      | Reached skill level 1 in Unarmed Combat
   130 | D:1      | Reached XP level 2. HP: 24/24 MP: 2/2
   911 | D:2      | Found an opulent altar of Gozag.
  1073 | D:2      | Reached XP level 3. HP: 31/31 MP: 3/3
  1528 | D:3      | Slain by an orc

Skill      XL: |  1  2 |
---------------+-------+-----
Unarmed Combat | 1 2 |  2.4
Short Blades   | |  0.7
Dodging        | |  1.5
Stealth        | |  1.5
Spellcasting   | |  1.2
Hexes          | |  2.3

Action                   || total
-------------------------++-------
Melee: Unarmed           ||    85
       Dagger            ||    14
       Punch             ||     2
 Cast: Corona            ||     2
 Stab: Sleeping          ||     1
  Eat: Chunk             ||    14
       Bread ration      ||     1
Armor: Robe              ||    52
Dodge: Dodged            ||    64
